 Dungeon Crawl Stone Soup version 0.23-a0-512-g50a8178 (webtiles) character file.

672 Leeroy the Charmwright (level 7, -11/56 HPs)
             Began as a Gnoll Skald on Dec 4, 2018.
             Killed by divine providence
             ... invoked by an orc priest
              (14 damage)
             ... on level 4 of the Dungeon.
             The game lasted 00:15:29 (3521 turns).

Leeroy the Charmwright (Gnoll Skald)                Turns: 3521, Time: 00:15:29

Health: -11/56     AC:  6    Str: 15    XL:     7   Next: 59%
Magic:  14/15      EV: 13    Int: 16    God:
Gold:   157        SH:  0    Dex: 14    Spells: 6/17 levels left

rFire    . . .     SeeInvis .   K - +1 mace (crush)
rCold    . . .     Gourm    .   (no shield)
rNeg     . . .     Faith    .   p - +0 ring mail
rPois    .         Spirit   .   t - +0 helmet
rElec    .         Reflect  .   (no cloak)
rCorr    .         Harm     .   (no gloves)
MR       .....                  (no boots)
Stlth    +.........             (no amulet)
HPRegen  0.18/turn              (no ring)
MPRegen  0.14/turn              (no ring)

@: drained
A: distributed training, fangs 1, strong nose
a: no special abilities


You were on level 4 of the Dungeon.
You were not hungry.

You visited 1 branch of the dungeon, and saw 4 of its levels.

You collected 157 gold pieces.

Inventory:

Hand Weapons
 a - a +0 falchion
 e - a +0 dagger
 h - a +1 whip of venom
 k - a +1 dagger of speed
 m - a +0 dagger
 s - a +0 club
 w - a +0 short sword
 y - a +0 mace
 F - a +0 war axe
 H - a cursed -3 trident
 K - a +1 mace of crushing (weapon)
Missiles
 c - 44 poisoned needles
 j - 100 stones (quivered)
 o - 67 arrows
 z - 6 javelins
 B - 8 sling bullets
Armour
 b - a +0 leather armour
 p - a +0 ring mail (worn)
 t - a +0 helmet (worn)
 u - a +0 chain mail
 J - a +0 centaur barding
Jewellery
 G - an uncursed ring of protection from fire {unknown}
 I - an uncursed amulet of regeneration {unknown}
Wands
 D - a wand of disintegration (16)
Scrolls
 i - 3 scrolls of amnesia {unknown}
 l - a scroll of fear {unknown}
 n - 8 scrolls of teleportation {unknown}
 q - a scroll of random uselessness {unknown}
 r - 2 scrolls of immolation {unknown}
 v - 5 scrolls of identify {unknown}
 x - 3 scrolls of remove curse {unknown}
 A - a scroll of enchant weapon {unknown}
 C - 2 scrolls of enchant armour {unknown}
 E - 2 scrolls of fog {unknown}
Potions
 f - a potion of flight
 g - a potion of degeneration
Comestibles
 d - 10 rations


   Skills:
 + Level 5.2(4.6) Fighting
 + Level 2.5(1.9) Short Blades
 + Level 5.2(4.6) Long Blades
 + Level 2.5(1.9) Axes
 + Level 2.5(1.9) Maces & Flails
 + Level 2.5(1.9) Polearms
 + Level 2.5(1.9) Staves
 + Level 2.5(1.9) Slings
 + Level 2.5(1.9) Bows
 + Level 2.5(1.9) Crossbows
 + Level 2.5(1.9) Throwing
 + Level 3.6(3.0) Armour
 + Level 5.2(4.6) Dodging
 + Level 2.5(1.9) Stealth
 + Level 2.5(1.9) Shields
 + Level 2.5(1.9) Unarmed Combat
 + Level 5.6(5.0) Spellcasting
 + Level 2.0(1.5) Conjurations
 + Level 2.0(1.5) Hexes
 + Level 5.8(5.2) Charms
 + Level 2.0(1.5) Summonings
 + Level 2.0(1.5) Necromancy
 + Level 2.0(1.5) Translocations
 + Level 2.0(1.5) Transmutations
 + Level 2.0(1.5) Fire Magic
 + Level 2.0(1.5) Ice Magic
 + Level 2.0(1.5) Air Magic
 + Level 2.0(1.5) Earth Magic
 + Level 2.0(1.5) Poison Magic
 + Level 2.8(2.2) Invocations
 + Level 2.5(1.9) Evocations


You had 6 spell levels left.
You knew the following spells:

 Your Spells              Type           Power        Failure   Level  Hunger
a - Infusion              Chrm           ###.         3%          1    None
b - Song of Slaying       Chrm           ###.....     5%          2    #......
c - Shroud of Golubria    Chrm/Tloc      ##........   11%         2    #......
d - Regeneration          Chrm/Necr      ##........   22%         3    ###....
e - Spectral Weapon       Hex/Chrm       ##......     22%         3    ###....

Your spell library contained the following spells:

 Spells                   Type           Power        Failure   Level  Hunger


Dungeon Overview and Level Annotations

Branches:
Dungeon (4/15)
 Temple: D:4-7

Altars:
Yredelemnul


Innate Abilities, Weirdness & Mutations

Your experience applies equally to all skills.
You have very sharp teeth.
Your uncanny sense of smell can sniff out nearby items.


Message History

The orc priest invokes the aid of Beogh against you.
Beogh smites you!
* * * LOW HITPOINT WARNING * * *
You open the door.
There is an open door here.
Casting: Regeneration (safe; 22% risk of failure)
Confirm with . or Enter, or press ? or * to list all spells.
Your skin crawls.
The orc hits you but does no damage.
The orc priest invokes the aid of Beogh against you.
Beogh smites you!
* * * LOW HITPOINT WARNING * * *
Your skin is crawling a little less now.
Items here: ))) [ †† Your skin stops crawling.
The orc priest invokes the aid of Beogh against you.
Beogh smites you!
* * * LOW HITPOINT WARNING * * *
The orc priest invokes the aid of Beogh against you.
Beogh smites you!
You die...

#.#....######o#.####
#####.##..)........
#.##.##........
#############.'.o##########
#..#.##.......##.# #.#
##.#.##.......##.# #.#
#...##.....####.# #.#
###..##.....# #o# #.#
.........#######@###.#
###..##..............#
#.>##.########.###.#
##.##.# #.# #.# ####.# #.#
#.# #.# #.# #.# #.# #.# #.#
#.# #.# #.# ###
#.###.############


You could see an orc priest and an orc.

Vanquished Creatures
  An ogre (D:4)
  A bullfrog (D:4)
  A howler monkey (D:4)
  3 hounds (D:4)
  A bullfrog skeleton (D:4)
  2 orc priests
  4 orc wizards
  A worker ant (D:4)
  5 adders
  An ooze (D:2)
  2 worms
  2 dart slugs (D:1)
  2 leopard geckos
  11 orcs
  A ball python (D:4)
  3 giant cockroaches
  12 goblins
  12 hobgoblins
  12 jackals
  4 kobolds
  2 quokkas (D:4)
  10 bats
  8 frilled lizards
  11 rats
  A spectral orc (D:3)
113 creatures vanquished.

Vanquished Creatures (others)
  3 fungi (D:4)
  2 spectral weapons (D:4)
5 creatures vanquished.

Grand Total: 118 creatures vanquished

Notes
Turn   | Place    | Note
-------+----------+-------------------------------------------
     0 | D:1      | Leeroy the Gnoll Skald began the quest for the Orb.
     0 | D:1      | Reached XP level 1. HP: 20/20 MP: 6/6
   169 | D:1      | Reached XP level 2. HP: 21/26 MP: 7/7
   174 | D:1      | Learned a level 2 spell: Song of Slaying
   177 | D:1      | Learned a level 2 spell: Shroud of Golubria
   504 | D:1      | Reached XP level 3. HP: 29/31 MP: 9/9
   510 | D:1      | Learned a level 3 spell: Regeneration
   514 | D:1      | Learned a level 3 spell: Spectral Weapon
   606 | D:1      | Reached skill level 5 in Spellcasting
   769 | D:2      | Reached skill level 1 in Invocations
   837 | D:2      | Reached skill level 1 in Short Blades
   837 | D:2      | Reached skill level 1 in Axes
   837 | D:2      | Reached skill level 1 in Maces & Flails
   837 | D:2      | Reached skill level 1 in Polearms
   837 | D:2      | Reached skill level 1 in Staves
   837 | D:2      | Reached skill level 1 in Slings
   837 | D:2      | Reached skill level 1 in Bows
   837 | D:2      | Reached skill level 1 in Crossbows
   837 | D:2      | Reached skill level 1 in Throwing
   837 | D:2      | Reached skill level 1 in Stealth
   837 | D:2      | Reached skill level 1 in Shields
   837 | D:2      | Reached skill level 1 in Unarmed Combat
   837 | D:2      | Reached skill level 1 in Evocations
   944 | D:2      | Reached XP level 4. HP: 38/38 MP: 11/11
  1504 | D:3      | Upgraded the game from 0.23-a0-494-g91793a9 to
                  | 0.23-a0-512-g50a8178
  1566 | D:3      | Reached skill level 1 in Conjurations
  1566 | D:3      | Reached skill level 1 in Hexes
  1566 | D:3      | Reached skill level 1 in Summonings
  1566 | D:3      | Reached skill level 1 in Necromancy
  1566 | D:3      | Reached skill level 1 in Translocations
  1566 | D:3      | Reached skill level 1 in Transmutations
  1566 | D:3      | Reached skill level 1 in Fire Magic
  1566 | D:3      | Reached skill level 1 in Ice Magic
  1566 | D:3      | Reached skill level 1 in Air Magic
  1566 | D:3      | Reached skill level 1 in Earth Magic
  1566 | D:3      | Reached skill level 1 in Poison Magic
  1566 | D:3      | Reached XP level 5. HP: 13/43 MP: 5/12
  2087 | D:3      | Found a basalt altar of Yredelemnul.
  2769 | D:4      | Reached XP level 6. HP: 50/50 MP: 13/13
  2792 | D:4      | Reached skill level 5 in Fighting
  2792 | D:4      | Reached skill level 5 in Long Blades
  2792 | D:4      | Reached skill level 5 in Dodging
  2821 | D:4      | Reached XP level 7. HP: 14/56 MP: 13/15
  3521 | D:4      | Killed from afar by an orc priest

Vault maps used:
D:1:      shiori_arrival_maze, hangedman_feature_mirror
D:2:      minmay_alternating_diamond, first_ration, minmay_pentomino_r2
D:3:      yredelemnul_forgotten_temple_becter
D:4:      chequers_temple_overflow_minitemple, hangedman_decor_push,
          kennysheep_decorative_pillar, amethyst_killhole, minmay_starry_boxes,
          uniq_crazy_yiuf_cottage

Skill      XL: |  1  2  3  4  5  6  7 |
---------------+----------------------+-----
Spellcasting   | 5 |  5.6
Invocations    | 1 2 |  2.8
Short Blades   | 1 2 |  2.5
Axes           | 1 2 |  2.5
Maces & Flails | 1 2 |  2.5
Polearms       | 1 2 |  2.5
Staves         | 1 2 |  2.5
Slings         | 1 2 |  2.5
Bows           | 1 2 |  2.5
Crossbows      | 1 2 |  2.5
Throwing       | 1 2 |  2.5
Stealth        | 1 2 |  2.5
Shields        | 1 2 |  2.5
Unarmed Combat | 1 2 |  2.5
Evocations     | 1 2 |  2.5
Conjurations   | 1 2 |  2.0
Hexes          | 1 2 |  2.0
Summonings     | 1 2 |  2.0
Necromancy     | 1 2 |  2.0
Translocations | 1 2 |  2.0
Transmutations | 1 2 |  2.0
Fire Magic     | 1 2 |  2.0
Ice Magic      | 1 2 |  2.0
Air Magic      | 1 2 |  2.0
Earth Magic    | 1 2 |  2.0
Poison Magic   | 1 2 |  2.0
Armour         | 3 |  3.6
Fighting       | 5 |  5.2
Long Blades    | 5 |  5.2
Dodging        | 5 |  5.2
Charms         | |  5.8

Action                   |  1- 3 |  4- 6 |  7- 9 || total
-------------------------+-------+-------+-------++-------
Melee: Falchion          |    94 |    50 |       ||   144
       Bite              |     9 |    15 |    12 ||    36
       Whip              |       |   121 |    27 ||   148
       Dagger            |       |    14 |       ||    14
       Punch             |       |     1 |       ||     1
       Mace              |       |       |    56 ||    56
 Cast: Song of Slaying   |     1 |     1 |       ||     2
       Spectral Weapon   |       |     3 |     1 ||     4
       Shroud of Golubri |       |     1 |     1 ||     2
       Regeneration      |       |       |     5 ||     5
  Use: Scroll            |     1 |       |       ||     1
       Potion            |       |     5 |       ||     5
 Stab: Sleeping          |       |     1 |       ||     1
  Eat: Chunk             |       |     6 |     4 ||    10
Armor: Leather armour    |    10 |       |       ||    10
       Ring mail         |    20 |   103 |    50 ||   173
Dodge: Dodged            |    87 |   174 |    92 ||   353
       Rpst.: Falchion   |    27 |    14 |       ||    41

Table legend:
 A = Non-vault XP
 B = Vault XP
 C = Vault XP percentage of total XP
 D = Non-vault monster count
 E = Vault monster count
 F = Vault count percentage of total count
                 A         B        C        D         E       F
            +---------+---------+-------+---------+---------+-------
      Total |     848 |     113 |  11.8 |      98 |      15 |  13.3
            +---------+---------+-------+---------+---------+-------
        D:1 |      30 |       9 |  23.1 |      16 |       6 |  27.3
        D:2 |      76 |       7 |   8.4 |      27 |       5 |  15.6
        D:3 |     168 |       1 |   0.6 |      35 |       1 |   2.8
        D:4 |     574 |      96 |  14.3 |      20 |       3 |  13.0
            +---------+---------+-------+---------+---------+-------
